 Dungeon Crawl Stone Soup version 0.19.1 (webtiles) character file.

1858 kengeki the Destroyer (level 9, -4/50 HPs)
             Began as a Tengu Air Elementalist on Dec 19, 2016.
             Was an Initiate of Vehumet.
             Slain by an unseen horror (9 damage)
             ... on level 7 of the Dungeon.
             The game lasted 00:52:09 (7998 turns).

kengeki the Destroyer (Tengu Air Elementalist)      Turns: 7998, Time: 00:52:10

Health: -4/50      AC:  5    Str: 10    XL:     9   Next: 13%
Magic:  11/16      EV: 14    Int: 18    God:    Vehumet [......]
Gold:   388        SH:  0    Dex: 14    Spells: 4 memorised, 5 levels left

rFire  . . .     SeeInvis .     a - +1 dagger
rCold  + . .     Gourm    .     e - +1 robe
rNeg   . . .     Faith    .     (no shield)
rPois  .         Spirit   .     (helmet restricted)
rElec  .         Reflect  .     n - +0 cloak
rCorr  .         Harm     .     s - +0 pair of gloves
MR     .....                    (boots unavailable)
Stlth  +++.......               m - amulet of rage
                                F - ring of flight
                                j - ring of protection from cold

@: very slightly contaminated, repel missiles, invisible
A: beak, talons 3, able to fly 1
a: Fly, Renounce Religion, Evoke Berserk Rage, Evoke Flight


You were on level 7 of the Dungeon.
You worshipped Vehumet.
Vehumet was noncommittal.
You were very hungry.

You visited 2 branches of the dungeon, and saw 8 of its levels.
You also visited: Sewer.

You collected 388 gold pieces.

Inventory:

Hand Weapons
 a - a +1 dagger (weapon)
Missiles
 g - 31 arrows
Armour
 e - a +1 robe (worn)
 n - a +0 cloak (worn)
 s - a +0 pair of gloves (worn)
Jewellery
 f - an uncursed ring of protection from cold
 j - a ring of protection from cold (left hand)
 m - an amulet of rage (around neck)
 F - a ring of flight (right hand)
Wands
 u - a wand of random effects (40/48)
 E - a wand of disintegration (18/24)
Scrolls
 d - a scroll of identify
 i - 6 scrolls of remove curse
 l - a scroll of fog
 o - 4 scrolls of teleportation
 q - 2 scrolls of magic mapping
 r - 2 scrolls of fear
 y - a scroll of amnesia
Potions
 h - 5 potions of curing
 t - a potion of haste
 v - 2 potions of berserk rage
 x - a potion of cure mutation
 z - a potion of might
 D - 2 potions of brilliance
Books
 b - a book of Air

   Spells                             Type                      Level
   a - Shock                          Conjuration/Air              1
   b - Swiftness                      Charms/Air                   2
   c - Repel Missiles                 Charms/Air                   2
   d - Static Discharge               Conjuration/Air              3
   e - Lightning Bolt                 Conjuration/Air              5
 w - a book of Changes

   Spells                             Type                      Level
   a - Beastly Appendage              Transmutation                1
   b - Sticks to Snakes               Transmutation                2
   c - Spider Form                    Transmutation/Poison         3
   d - Ice Form                       Ice/Transmutation            4
   e - Blade Hands                    Transmutation                5
Comestibles
 c - a bread ration
 A - 12 fruits
 B - a meat ration
 C - a slice of pizza


   Skills:
 + Level 3.0 Fighting
 + Level 4.3 Dodging
 + Level 4.1 Stealth
 - Level 4.0 Spellcasting
 + Level 9.0 Conjurations
 + Level 8.8 Air Magic


You had 5 spell levels left.
You knew the following spells:

 Your Spells              Type           Power        Failure   Level  Hunger
d - Static Discharge      Conj/Air       #####...     1%          3    ###....
l - Lightning Bolt        Conj/Air       #####.....   14%         5    ######.
r - Repel Missiles        Chrm/Air       ###...       4%          2    ##.....
s - Shock                 Conj/Air       ####         1%          1    None


Dungeon Overview and Level Annotations

Branches:
Dungeon (7/15)             Temple (1/1) D:6

Altars:
Ashenzari
Dithmenos
Elyvilon
Gozag
Hepliaklqana
Kikubaaqudgha
Okawaru
Qazlal
Ru
Sif Muna
Trog
Uskayaw
Vehumet
Xom
Yredelemnul
The Shining One

Shops:
D:4 :

Annotations:
D:2 exclusion: worm
D:5 Sigmund


Innate Abilities, Weirdness & Mutations

You have a beak for a mouth.
You have claws for feet.
You can fly.


Message History

You feel better. Something hits you.
* * * LOW HITPOINT WARNING * * *
Something hits you!
* * * LOW HITPOINT WARNING * * *
Something hits you.
* * * LOW HITPOINT WARNING * * *
Unknown command.
Unknown command.
Casting: Shock
Confirm with . or Enter, or press ? or * to list all spells.
You can't see any susceptible monsters within range! (Use Z to cast anyway.)
Casting: Shock
Confirm with . or Enter, or press ? or * to list all spells.
Aiming: Lightning Bolt
Press: ? - help, Shift-Dir - straight line You hear a mighty clap of thunder!
You are feeling very hungry.
You hear a shout!
Something hits you!
You die...

#.#########
#.# #.# #.#
#.# #?#
#.###########
#.#
#...........#
#.#
###########.#
#.# #.# #.#
#.######.#
#....@.>.#
##########


There were no monsters in sight!

Vanquished Creatures
  2 ice beasts
  An orc warrior (D:6)
  2 ogres (D:4)
  A phantom (D:5)
  A centaur (D:5)
  2 big kobolds (Sewer)
  2 bullfrogs (D:6)
  A wyvern zombie (D:6)
  A water moccasin skeleton (D:5)
  A scorpion (D:6)
  2 jellies
  3 crimson imps
  2 centaur zombies (D:6)
  2 hounds (D:5)
  An orc priest (D:7)
  A centaur skeleton (D:4)
  4 orc wizards
  A bullfrog skeleton (D:5)
  A worker ant (D:4)
  13 adders
  3 river rats
  A shadow imp (D:5)
  2 oozes
  An adder zombie (D:5)
  8 worms
  The ghost of dscm the Charmwright, a weakling OpSk (D:3)
  A dart slug (D:1)
  4 leopard geckos
  17 orcs
  3 bats
  6 giant cockroaches
  5 goblins
  7 hobgoblins
  8 jackals (D:3)
  A quokka (D:6)
  2 ball pythons
  4 frilled lizards
  A jackal skeleton (D:4)
  13 kobolds
  8 rats
140 creatures vanquished.

Notes
Turn   | Place    | Note
-------+----------+-------------------------------------------
     0 | D:1      | kengeki the Tengu Air Elementalist began the quest for the Orb.
     0 | D:1      | Reached XP level 1. HP: 10/10 MP: 4/4
   117 | D:1      | Reached skill level 2 in Conjurations
   125 | D:1      | Reached XP level 2. HP: 15/15 MP: 0/6
   804 | D:2      | Reached skill level 3 in Conjurations
  1047 | D:2      | Reached XP level 3. HP: 19/19 MP: 5/7
  1091 | D:2      | Found a sacrificial altar of Ru.
  1179 | D:2      | Learned a level 3 spell: Static Discharge
  1561 | D:2      | Reached skill level 4 in Conjurations
  1957 | D:3      | Reached XP level 4. HP: 18/24 MP: 2/8
  2166 | D:3      | Reached skill level 5 in Conjurations
  2224 | D:3      | Noticed dscm's ghost (weakling OpSk)
  2231 | D:3      | Killed dscm's ghost
  2239 | D:3      | Found a glowing drain.
  2243 | Sewer    | Entered a sewer
  2461 | Sewer    | Gained mutation: You can fly. [Tengu growth]
  2461 | Sewer    | Reached XP level 5. HP: 24/28 MP: 4/9
  2668 | Sewer    | Reached skill level 6 in Conjurations
  2786 | Sewer    | Noticed a big kobold
  2799 | Sewer    | Killed a big kobold
  2799 | Sewer    | Reached skill level 5 in Air Magic
  2957 | Sewer    | Reached XP level 6. HP: 25/32 MP: 3/10
  2964 | Sewer    | Learned a level 5 spell: Lightning Bolt
  3771 | D:4      | Reached skill level 7 in Conjurations
  3771 | D:4      | Reached XP level 7. HP: 34/36 MP: 0/11
  4229 | D:4      | Found Juggoen's Book Boutique.
  4385 | D:5      | Entered Level 5 of the Dungeon
  4487 | D:5      | Found a faded altar of an unknown god.
  4487 | D:5      | Found a faded altar of an unknown god.
  4888 | D:5      | Reached XP level 8. HP: 41/42 MP: 1/15
  5209 | D:5      | Noticed Sigmund
  5234 | D:5      | Reached skill level 8 in Conjurations
  5505 | D:5      | Learned a level 2 spell: Repel Missiles
  5784 | D:5      | Reached skill level 1 in Fighting
  6053 | D:5      | Found a faded altar of an unknown god.
  6055 | D:5      | Found a faded altar of an unknown god.
  6056 | D:5      | Found an iron altar of Okawaru.
  6565 | D:6      | Found Zin Kamy's Armour Boutique.
  6763 | D:6      | Found a staircase to the Ecumenical Temple.
  6809 | Temple   | Entered the Ecumenical Temple
  6817 | Temple   | Became a worshipper of Vehumet
  7330 | D:6      | Reached XP level 9. HP: 8/49 MP: 0/16
  7698 | D:6      | Found a deep blue altar of Sif Muna.
  7746 | D:7      | Reached skill level 9 in Conjurations
  7998 | D:7      | Slain by an unseen horror

Skill      XL: |  1  2  3  4  5  6  7  8  9 |
---------------+----------------------------+-----
Conjurations   | 2 3 4 5 6 7 8 9 |  9.0
Air Magic      | 6 7 8 |  8.8
Spellcasting   | 4 |  4.0
Fighting       | 2 3 |  3.0
Dodging        | 3 4 |  4.3
Stealth        | 3 4 |  4.1

Action                   |  1- 3 |  4- 6 |  7- 9 || total
-------------------------+-------+-------+-------++-------
Melee: Dagger            |     1 |       |     2 ||     3
       Peck              |     1 |       |     1 ||     2
       Short sword       |     2 |    12 |       ||    14
       Kick              |       |     1 |     1 ||     2
 Cast: Shock             |    69 |    89 |   149 ||   307
       Static Discharge  |       |     6 |    16 ||    22
       Lightning Bolt    |       |       |     3 ||     3
       Repel Missiles    |       |       |     1 ||     1
 Abil: Evoke Berserk Rag |       |     2 |       ||     2
       Fly               |       |     2 |       ||     2
  Use: Scroll            |     9 |     4 |     7 ||    20
       Potion            |     1 |     4 |     4 ||     9
  Eat: Chunk             |     4 |     6 |    15 ||    25
       Bread ration      |       |     1 |       ||     1
Armor: Robe              |     2 |    15 |    11 ||    28
Dodge: Dodged            |     6 |    51 |    40 ||    97
       Deflected         |       |       |     1 ||     1
